[Event "ICC tourney 2161 (75 10)"]
[Site "Internet Chess Club"]
[Date "2020.11.28"]
[Round "5"]
[White "kirikiri007"]
[Black "Tomasleo"]
[Result "1-0"]
[ICCResult "Black resigns"]
[WhiteElo "1577"]
[BlackElo "1416"]
[Opening "King's pawn opening"]
[ECO "B07"]
[NIC "VO.17"]
[Time "14:47:49"]
[PlyCount "113"]
[TimeControl "4500+10"]


1. e4 d6 2. d4 Nd7 3. Nf3 b6 4. Nc3 Bb7 5. Bc4 h6 6. Bf4 c5 7. d5 Ngf6 8.
O-O g6 9. Qd2 Bg7 10. Rfe1 Ng4 11. h3 Nge5 12. Nxe5 Nxe5 13. Bb5+ Nd7 14.
e5 dxe5 15. Bxe5 Bxe5 16. Rxe5 Kf8 17. Bxd7 Qxd7 18. Rae1 e6 19. Qf4 Bxd5
20. Nxd5 exd5 21. Re6 Kg8 22. Re7 Qf5 23. Qxf5 gxf5 24. R7e5 d4 25. Rxf5
Kg7 26. Re7 Rhf8 27. Rd5 Rfe8 28. Rdd7 Rxe7 29. Rxe7 Kf6 30. Re2 c4 31. f3
Kf5 32. Kf2 f6 33. g4+ Kg5 34. Kg3 Rd8 35. Rd2 d3 36. f4+ Kg6 37. f5+ Kh7
38. cxd3 Rxd3+ 39. Rxd3 cxd3 40. Kf3 h5 41. gxh5 Kh6 42. Ke3 Kxh5 43. Kxd3
Kh4 44. Ke4 Kxh3 45. Kd5 Kg4 46. Ke6 Kg5 47. b3 a6 48. b4 a5 49. bxa5 bxa5
50. a4 Kf4 51. Kxf6 Ke4 52. Ke6 Kd4 53. f6 Kc4 54. f7 Kb4 55. f8=Q+ Kxa4
56. Qf1 Kb3 57. Qb5+ { Black resigns } 1-0

[Event "ICC tourney 2161 (75 10)"]
[Site "Internet Chess Club"]
[Date "2020.11.28"]
[Round "5"]
[White "tightfist"]
[Black "bombsquad"]
[Result "0-1"]
[ICCResult "White resigns"]
[WhiteElo "1507"]
[BlackElo "1682"]
[Opening "Queen's Indian: 4.Nc3"]
[ECO "E12"]
[NIC "NI.26"]
[Time "14:48:39"]
[PlyCount "112"]
[TimeControl "4500+10"]


1. Nf3 Nf6 2. c4 e6 3. d4 b6 4. Nc3 Bb4 5. Bd2 Bb7 6. e3 O-O 7. Bd3 d5 8.
O-O Ne4 9. a3 Bxc3 10. bxc3 dxc4 11. Bxc4 Nd7 12. Rb1 Ndf6 13. Ne5 Nd5 14.
Qc2 Nxd2 15. Qxd2 Qe7 16. a4 c5 17. e4 Nf6 18. f3 cxd4 19. Qxd4 Rfd8 20.
Qe3 Rac8 21. Rfd1 Qc7 22. Rxd8+ Rxd8 23. f4 Nxe4 24. Rc1 Qc5 25. Qxc5 Nxc5
26. a5 Rd2 27. axb6 axb6 28. Bf1 b5 29. Rb1 f6 30. Rxb5 fxe5 31. Rxc5 exf4
32. Rc7 Be4 33. Rc4 Bd3 34. Rxf4 Rd1 35. Rf3 Bb5 36. g3 e5 37. h4 e4 38.
Rf5 Bd3 39. Kg2 Rd2+ 40. Rf2 e3 41. Bxd3 Rxf2+ 42. Kg1 Rd2 43. Bb5 Kf7 44.
Bc4+ Kf6 45. Kf1 Ke5 46. Be2 h6 47. Ke1 Rc2 48. c4 Ke4 49. Kd1 Ra2 50. Kc1
Rxe2 51. Kd1 Rg2 52. c5 Kd3 53. Kc1 Rc2+ 54. Kd1 e2+ 55. Ke1 Rc1+ 56. Kf2
e1=Q+ { White resigns } 0-1

[Event "ICC tourney 2161 (75 10)"]
[Site "Internet Chess Club"]
[Date "2020.11.28"]
[Round "5"]
[White "AbleCompany"]
[Black "mrerikchin"]
[Result "1/2-1/2"]
[ICCResult "Game drawn by mutual agreement"]
[WhiteElo "1568"]
[BlackElo "1636"]
[Opening "King's Indian: 6.Be2"]
[ECO "E91"]
[NIC "KI.19"]
[Time "14:48:13"]
[PlyCount "80"]
[TimeControl "4500+10"]


1. d4 Nf6 2. c4 g6 3. Nc3 Bg7 4. e4 d6 5. Nf3 O-O 6. Be2 Nc6 7. d5 Nb8 8.
Be3 e5 9. Nd2 Ne8 10. g4 Nd7 11. h4 f5 12. gxf5 gxf5 13. exf5 Ndf6 14. Qc2
e4 15. Ncxe4 Bxf5 16. Bd3 Ng4 17. Bg5 Qd7 18. O-O-O Ne5 19. Rhg1 Nxd3+ 20.
Qxd3 Kh8 21. Be3 c5 22. dxc6 bxc6 23. Bd4 d5 24. Rxg7 Nxg7 25. Rg1 Rf7 26.
Bxg7+ Rxg7 27. Rxg7 Qxg7 28. cxd5 cxd5 29. Qxd5 Rc8+ 30. Kd1 Qg1+ 31. Ke2
Qg4+ 32. f3 Qg2+ 33. Nf2 Qg6 34. Qe5+ Kg8 35. Nfe4 Re8 36. Nf6+ Qxf6 37.
Qxe8+ Kg7 38. h5 Qxb2 39. Qe7+ Kh6 40. Qf8+ Kg5 { Game drawn by mutual
agreement } 1/2-1/2

[Event "ICC tourney 2161 (75 10)"]
[Site "Internet Chess Club"]
[Date "2020.11.28"]
[Round "5"]
[White "wildrumpus"]
[Black "Han366"]
[Result "0-1"]
[ICCResult "White resigns"]
[WhiteElo "1468"]
[BlackElo "1700"]
[Opening "Queen's pawn game"]
[ECO "A45"]
[NIC "QP.07"]
[Time "14:48:18"]
[PlyCount "68"]
[TimeControl "4500+10"]


1. d4 Nf6 2. e3 g6 3. Nf3 Bg7 4. Be2 O-O 5. O-O d5 6. b4 a5 7. b5 c5 8.
bxc6 bxc6 9. c4 dxc4 10. Bxc4 c5 11. Bb2 cxd4 12. Nxd4 Qc7 13. Be2 Na6 14.
Nc3 Rd8 15. Qb3 Nc5 16. Qa3 Bb7 17. Rac1 e5 18. Nf3 Qe7 19. Na4 Nfe4 20.
Nxc5 Nxc5 21. Qxc5 Qe6 22. Qa3 Qg4 23. h3 Qf5 24. Rfd1 Rdb8 25. Rd2 g5 26.
Rcd1 h5 27. Rd8+ Rxd8 28. Rxd8+ Rxd8 29. Qxa5 Bf6 30. Nxe5 Qb1+ 31. Kh2
Qxb2 32. Ng4 hxg4 33. Bxg4 Qe5+ 34. Qxe5 Bxe5+ { White resigns } 0-1

[Event "ICC tourney 2161 (75 10)"]
[Site "Internet Chess Club"]
[Date "2020.11.28"]
[Round "5"]
[White "TigerSahi"]
[Black "Cooliguess"]
[Result "0-1"]
[ICCResult "White checkmated"]
[WhiteElo "1627"]
[BlackElo "1750"]
[Opening "QGD: exchange, positional line, 5...c6"]
[ECO "D35"]
[NIC "QO.16"]
[Time "14:48:01"]
[PlyCount "160"]
[TimeControl "4500+10"]


1. d4 d5 2. c4 e6 3. Nc3 Nf6 4. cxd5 exd5 5. Bg5 c6 6. e3 Be7 7. Bd3 O-O 8.
Qc2 g6 9. Nge2 Re8 10. O-O a5 11. f3 Na6 12. a3 Qc7 13. Bxf6 Bxf6 14. Bxa6
Rxa6 15. Nxd5 Qd6 16. Nxf6+ Qxf6 17. e4 Qg5 18. Qc1 Qb5 19. Nc3 Qh5 20. Qd2
a4 21. d5 Rd8 22. Qe2 Qg5 23. Kh1 cxd5 24. Nxd5 Re6 25. Qf2 f5 26. exf5
gxf5 27. Rad1 Red6 28. Nc3 Rd2 29. Qg3 Qxg3 30. hxg3 b5 31. Rxd2 Rxd2 32.
Rd1 Rxd1+ 33. Nxd1 Kf7 34. Kg1 Ke6 35. Kf2 Kd5 36. Ke2 Kc4 37. Kd2 Kd4 38.
Ne3 Be6 39. Nc2+ Kc4 40. Ne1 Kb3 41. Kc1 Bc4 42. Nc2 Bd3 43. Ne3 b4 44.
axb4 Kxb4 45. Nc2+ Kc4 46. Ne3+ Kd4 47. Kd2 h5 48. Nd1 Bf1 49. Ke1 Bd3 50.
Nc3 a3 51. bxa3 Kxc3 52. Kf2 Kd4 53. a4 Ke5 54. Kg1 Kf6 55. Kh2 Kg5 56. Kh3
Ba6 57. f4+ Kg6 58. Kh4 Bf1 59. Kh3 Kf6 60. a5 Ke6 61. a6 Bxa6 62. Kh4 Be2
63. Kg5 Bg4 64. Kg6 Kd5 65. Kg5 Kd4 66. Kg6 Ke3 67. Kf6 Kf2 68. Kg5 Kxg2
69. Kh4 Kf3 70. Kg5 Kxg3 71. Kg6 h4 72. Kg5 h3 73. Kg6 h2 74. Kf7 h1=Q 75.
Kf8 Qh7 76. Ke8 Kf3 77. Kd8 Ke4 78. Ke8 Kd5 79. Kd8 Kd6 80. Ke8 Qe7# {
White checkmated } 0-1

[Event "ICC tourney 2161 (75 10)"]
[Site "Internet Chess Club"]
[Date "2020.11.28"]
[Round "5"]
[White "fhunfi"]
[Black "MacAndSneeze"]
[Result "1/2-1/2"]
[ICCResult "Game drawn by mutual agreement"]
[WhiteElo "1698"]
[BlackElo "1561"]
[Opening "Sicilian: closed"]
[ECO "B23"]
[NIC "SI.44"]
[Time "14:47:57"]
[PlyCount "105"]
[TimeControl "4500+10"]


1. e4 c5 2. Nc3 a6 3. Nge2 b5 4. g3 Bb7 5. Bg2 Nf6 6. d3 e6 7. O-O d5 8.
exd5 Nxd5 9. Nxd5 Bxd5 10. Nf4 Bxg2 11. Kxg2 Nc6 12. Re1 Be7 13. Be3 O-O
14. f3 Qc7 15. Qe2 Nd4 16. Qf2 Rac8 17. Rad1 Nf5 18. Bc1 Qa5 19. Bd2 b4 20.
Ra1 Bf6 21. a3 Qb5 22. a4 Qc6 23. c3 bxc3 24. bxc3 Rb8 25. Nh5 Be7 26. Ra2
Rb3 27. Rc1 Rfb8 28. Rcc2 g6 29. Nf4 Qd7 30. Qe2 Bf6 31. Nh3 Ne7 32. Nf2
Nc8 33. Ne4 Be7 34. Be3 Qc6 35. Qf2 c4 36. d4 Nb6 37. a5 Nd5 38. Bd2 Bd8
39. Nc5 Rb1 40. Qe2 Be7 41. Qxc4 R8b5 42. Qd3 Bxc5 43. dxc5 Rxc5 44. Rcb2
Rxb2 45. Rxb2 Nxc3 46. Rb8+ Kg7 47. Qd8 g5 48. Bxg5 Kg6 49. g4 Rxg5 50.
Qg8+ Kf6 51. Qd8+ Kg6 52. Qg8+ Kf6 53. Qd8+ { Game drawn by mutual
agreement } 1/2-1/2

[Event "ICC tourney 2161 (75 10)"]
[Site "Internet Chess Club"]
[Date "2020.11.28"]
[Round "5"]
[White "flyingfred"]
[Black "Supersky"]
[Result "1-0"]
[ICCResult "Black resigns"]
[WhiteElo "1495"]
[BlackElo "1312"]
[Opening "Sicilian: Alapin's variation (2.c3)"]
[ECO "B22"]
[NIC "SI.46"]
[Time "14:47:50"]
[PlyCount "123"]
[TimeControl "4500+10"]


1. e4 c5 2. c3 e6 3. d4 cxd4 4. cxd4 Nf6 5. Nc3 Bb4 6. Bd3 Qc7 7. Bd2 a6 8.
Rc1 Nc6 9. a3 Bxc3 10. Rxc3 d5 11. e5 Nd7 12. Nf3 b5 13. O-O Bb7 14. Qc2 h6
15. Rc1 Rc8 16. Qd1 Qd8 17. Be3 Nb6 18. b3 g5 19. h3 Rg8 20. Nh2 f5 21.
exf6 Qxf6 22. Qh5+ Kd7 23. Ng4 Qg7 24. Nxh6 Rh8 25. Bxg5 Nxd4 26. Bf4 Rxc3
27. Rxc3 Nc6 28. Rc1 Nc8 29. Qf7+ Qxf7 30. Nxf7 Rh5 31. Ng5 Nd6 32. g4 Rh8
33. Re1 Nd4 34. Bxd6 Kxd6 35. Nf7+ Ke7 36. Nxh8 Nf3+ 37. Kf1 Nxe1 38. Kxe1
Kf6 39. Ng6 e5 40. Bf5 d4 41. Kd2 Bd5 42. b4 Bf7 43. Nf8 Kg5 44. Nd7 Kf4
45. Nc5 Kf3 46. Ke1 Bd5 47. Nxa6 e4 48. Nc5 e3 49. fxe3 dxe3 50. h4 Kf4 51.
Nd3+ Kf3 52. h5 Bc4 53. Ne5+ Kf4 54. Nxc4 bxc4 55. b5 Ke5 56. b6 Kd4 57. b7
Kc3 58. b8=Q Kd4 59. Qd6+ Kc3 60. h6 Kb2 61. h7 c3 62. h8=Q { Black resigns
} 1-0

[Event "ICC tourney 2161 (75 10)"]
[Site "Internet Chess Club"]
[Date "2020.11.28"]
[Round "6"]
[White "ivo20"]
[Black "lovechess12"]
[Result "1-0"]
[ICCResult "Black resigns"]
[WhiteElo "1416"]
[BlackElo "1285"]
[Opening "Nimzovich-Larsen attack: modern variation"]
[ECO "A01"]
[NIC "VO.08"]
[Time "18:33:44"]
[PlyCount "45"]
[TimeControl "4500+10"]


1. b3 e5 2. g3 d5 3. Bg2 Nf6 4. Bb2 Nc6 5. Nf3 Bd6 6. O-O Bf5 7. Nh4 Be6 8.
c4 dxc4 9. Bxc6+ bxc6 10. bxc4 Bxc4 11. d3 Be6 12. Nf3 e4 13. Bxf6 Qxf6 14.
Qc2 exf3 15. Qxc6+ Ke7 16. Nc3 fxe2 17. Rfe1 Rab8 18. Rxe2 Rb6 19. Nd5+ Kd8
20. Qa8+ Bc8 21. Nxf6 gxf6 22. Qxa7 Ra6 23. Qd4 { Black resigns } 1-0

[Event "ICC tourney 2161 (75 10)"]
[Site "Internet Chess Club"]
[Date "2020.11.28"]
[Round "6"]
[White "CoarseCrown"]
[Black "MehPlayer"]
[Result "1-0"]
[ICCResult "Black resigns"]
[WhiteElo "1744"]
[BlackElo "1548"]
[Opening "Queen's pawn game"]
[ECO "E10"]
[NIC "QI.01"]
[Time "18:33:58"]
[PlyCount "33"]
[TimeControl "4500+10"]


1. d4 Nf6 2. c4 e6 3. Nf3 d5 4. g3 c5 5. cxd5 exd5 6. Bg2 Nc6 7. O-O cxd4
8. Nxd4 Bc5 9. Nb3 Bb6 10. Bg5 Bf5 11. Nc3 d4 12. Nd5 h6 13. Bxf6 gxf6 14.
Nxb6 Qxb6 15. Bxc6+ bxc6 16. Qxd4 Qc7 17. Qxf6 { Black resigns } 1-0

[Event "ICC tourney 2161 (75 10)"]
[Site "Internet Chess Club"]
[Date "2020.11.28"]
[Round "6"]
[White "falcongw"]
[Black "tightfist"]
[Result "1-0"]
[ICCResult "Black checkmated"]
[WhiteElo "1256"]
[BlackElo "1507"]
[Opening "French: exchange variation"]
[ECO "C01"]
[NIC "FR.01"]
[Time "18:34:26"]
[PlyCount "33"]
[TimeControl "4500+10"]


1. e4 e6 2. d4 d5 3. exd5 exd5 4. c4 Bb4+ 5. Nc3 Qe7+ 6. Be2 dxc4 7. Nf3
Nf6 8. O-O Bxc3 9. bxc3 b5 10. Re1 O-O 11. Bxc4 Qd7 12. Ne5 Qd6 13. Nxf7
Rxf7 14. Qf3 Nc6 15. Re8+ Nxe8 16. Qxf7+ Kh8 17. Qg8# { Black checkmated }
1-0

[Event "ICC tourney 2161 (75 10)"]
[Site "Internet Chess Club"]
[Date "2020.11.28"]
[Round "6"]
[White "TheSuperKing"]
[Black "donquiscot"]
[Result "1-0"]
[ICCResult "Black resigns"]
[WhiteElo "1731"]
[BlackElo "1585"]
[Opening "French: Burn variation"]
[ECO "C11"]
[NIC "FR.05"]
[Time "18:33:59"]
[PlyCount "55"]
[TimeControl "4500+10"]


1. e4 e6 2. d4 d5 3. Nc3 Nf6 4. Bg5 dxe4 5. Nxe4 Be7 6. Bxf6 Bxf6 7. c3 O-O
8. Bd3 Nd7 9. Nf3 b6 10. O-O Bb7 11. a4 Be7 12. a5 c5 13. Qc2 Rc8 14. dxc5
f5 15. Nd6 Bxd6 16. cxd6 bxa5 17. Qe2 Nc5 18. Bc4 Qxd6 19. Rxa5 Ne4 20. Nd4
Rxc4 21. Qxc4 Nd2 22. Qxe6+ Qxe6 23. Nxe6 Re8 24. Re1 Bc8 25. Rae5 Nc4 26.
R5e2 a5 27. Ng5 Rd8 28. Re8+ { Black resigns } 1-0

[Event "ICC tourney 2161 (75 10)"]
[Site "Internet Chess Club"]
[Date "2020.11.28"]
[Round "6"]
[White "Khammurabi"]
[Black "wildrumpus"]
[Result "1-0"]
[ICCResult "Black resigns"]
[WhiteElo "1601"]
[BlackElo "1468"]
[Opening "Caro-Kann: anti-anti-Caro-Kann defense"]
[ECO "B10"]
[NIC "CK.01"]
[Time "18:34:03"]
[PlyCount "67"]
[TimeControl "4500+10"]


1. e4 c6 2. c4 d5 3. exd5 cxd5 4. cxd5 Nf6 5. Nc3 Nxd5 6. Bc4 Nxc3 7. bxc3
g6 8. d4 Bg7 9. Bf4 Qa5 10. Qd2 O-O 11. Ne2 e6 12. Bh6 b5 13. Bxg7 Kxg7 14.
Bb3 Bb7 15. f3 Nd7 16. h4 Nf6 17. h5 Nxh5 18. g4 Bxf3 19. O-O-O Bxe2 20.
Qxe2 Qxc3+ 21. Kb1 Ng3 22. Qe5+ f6 23. Qxe6 Nxh1 24. Qe7+ Kh8 25. Rxh1 h5
26. gxh5 g5 27. h6 Rg8 28. Qxf6+ Kh7 29. Bc2+ Qxc2+ 30. Kxc2 Rac8+ 31. Kb1
Rc4 32. Re1 Rc7 33. Qf5+ Kxh6 34. Rh1+ { Black resigns } 1-0

[Event "ICC tourney 2161 (75 10)"]
[Site "Internet Chess Club"]
[Date "2020.11.28"]
[Round "6"]
[White "Florina12345"]
[Black "Jeffchess"]
[Result "1-0"]
[ICCResult "Black checkmated"]
[WhiteElo "1330"]
[BlackElo "1236"]
[Opening "Caro-Kann defense"]
[ECO "B12"]
[NIC "CK.01"]
[Time "18:33:39"]
[PlyCount "107"]
[TimeControl "4500+10"]


1. e4 c6 2. d4 e5 3. dxe5 Qa5+ 4. Nc3 Qxe5 5. Nf3 Qd6 6. Qxd6 Bxd6 7. Be3
b6 8. Bc4 b5 9. Bb3 h6 10. O-O-O Bb4 11. Bd4 f6 12. e5 c5 13. Nd5 c4 14.
Bxc4 bxc4 15. Nxb4 a5 16. Nd5 Ra6 17. Nc7+ Kf7 18. Nxa6 Bxa6 19. exf6 Nxf6
20. Ne5+ Ke6 21. Rhe1 Kf5 22. f3 h5 23. h3 h4 24. Ng4 Nxg4 25. fxg4+ Kf4
26. Be5+ Kg5 27. Rf1 Bb5 28. Rf5+ Kh6 29. Rh5+ Kg6 30. Rxh8 Nc6 31. Rd6+
Kf7 32. Bc3 a4 33. Rxd7+ Ke6 34. Rxg7 Kd5 35. Rh5+ Ke4 36. Rxb5 Kf4 37.
Rf5+ Kg3 38. Rf3+ Kxg2 39. Rgf7 a3 40. Rf2+ Kxh3 41. g5 Nd8 42. R7f3+ Kg4
43. g6 Ne6 44. bxa3 h3 45. Re3 h2 46. Rxh2 Kf5 47. Rg2 Ng7 48. Bxg7 Kf4 49.
Ree2 Kf3 50. Bb2 c3 51. Bxc3 Kf4 52. g7 Kf5 53. g8=Q Kf4 54. Qf7# { Black
checkmated } 1-0

[Event "ICC tourney 2161 (75 10)"]
[Site "Internet Chess Club"]
[Date "2020.11.28"]
[Round "6"]
[White "beibeiolivia"]
[Black "jackl514"]
[Result "0-1"]
[ICCResult "White checkmated"]
[WhiteElo "1455"]
[BlackElo "1585"]
[Opening "Sicilian: Alapin's variation (2.c3)"]
[ECO "B22"]
[NIC "SI.46"]
[Time "18:33:44"]
[PlyCount "104"]
[TimeControl "4500+10"]


1. e4 c5 2. c3 g6 3. d4 cxd4 4. cxd4 d5 5. exd5 Nf6 6. Nf3 Nxd5 7. Nc3 Nxc3
8. bxc3 Bg7 9. Bc4 O-O 10. O-O Qc7 11. Qd3 Bf5 12. Qe2 Nc6 13. Re1 Na5 14.
Bb5 a6 15. Ba4 b5 16. Bb3 Nxb3 17. axb3 Qxc3 18. Qb2 Bxd4 19. Ra2 Qxe1+ 20.
Nxe1 Bxb2 21. Rxb2 Rfd8 22. b4 Rd1 23. Bd2 Rd8 24. Bc3 R8d3 25. Kf1 Rxc3
26. Ke2 Rdc1 27. Kd2 Rc7 28. f3 g5 29. h3 Kg7 30. g4 Bg6 31. Rb3 R1c4 32.
Rb2 Rd7+ 33. Ke3 Rc3+ 34. Kf2 f5 35. Kg3 f4+ 36. Kf2 Re3 37. Ng2 Red3 38.
Kg1 Rd1+ 39. Kh2 Rf1 40. Re2 Kf6 41. Ne1 Rd1 42. Nc2 Bd3 43. Re1 Rfxe1 44.
Nxe1 Rxe1 45. h4 Rb1 46. hxg5+ Kxg5 47. Kh3 Bf1+ 48. Kh2 Rb2+ 49. Kh1 Bc4
50. Kg1 Kh4 51. g5 Kg3 52. g6 Rb1# { White checkmated } 0-1

[Event "ICC tourney 2161 (75 10)"]
[Site "Internet Chess Club"]
[Date "2020.11.28"]
[Round "6"]
[White "MYMChessWyatt"]
[Black "mehtaaditya"]
[Result "0-1"]
[ICCResult "White checkmated"]
[WhiteElo "1215"]
[BlackElo "1511"]
[Opening "Giuoco Pianissimo"]
[ECO "C50"]
[NIC "IG.02"]
[Time "18:33:46"]
[PlyCount "124"]
[TimeControl "4500+10"]


1. e4 e5 2. Nf3 Nc6 3. Bc4 Bc5 4. d3 d6 5. c3 Nf6 6. a4 a5 7. O-O h6 8.
Nbd2 Be6 9. Bxe6 fxe6 10. Qb3 Qd7 11. Re1 O-O 12. Nh4 Ng4 13. Ndf3 Bxf2+
14. Kf1 Bxe1 15. Kxe1 g5 16. Nf5 Kh8 17. h3 exf5 18. hxg4 fxe4 19. dxe4
Qxg4 20. Qc2 Qg3+ 21. Kf1 g4 22. Bxh6 gxf3 23. Bxf8 Rxf8 24. Qd2 fxg2+ 25.
Kg1 Qh3 26. Qxg2 Rg8 27. Qxg8+ Kxg8 28. Kf2 Qh2+ 29. Ke3 Qxb2 30. Rg1+ Kf7
31. Rf1+ Ke6 32. Rh1 Qxc3+ 33. Kf2 Qd2+ 34. Kg3 Qe3+ 35. Kg2 Qxe4+ 36. Kg1
Qxh1+ 37. Kxh1 e4 38. Kg2 Ke5 39. Kf2 d5 40. Ke2 d4 41. Kd2 e3+ 42. Ke2 Ke4
43. Ke1 d3 44. Kd1 e2+ 45. Ke1 Kf3 46. Kd2 Kf2 47. Kxd3 e1=Q 48. Kc4 Qb4+
49. Kd5 Qd4+ 50. Ke6 Nd8+ 51. Ke7 Qd6+ 52. Ke8 Qe6+ 53. Kxd8 c5 54. Kc7 c4
55. Kb8 c3 56. Ka7 c2 57. Kb8 c1=Q 58. Ka7 Qce3+ 59. Kb8 Qe8+ 60. Kc7 Qc5+
61. Kxb7 Qec6+ 62. Kb8 Q5b6# { White checkmated } 0-1

[Event "ICC tourney 2161 (75 10)"]
[Site "Internet Chess Club"]
[Date "2020.11.28"]
[Round "6"]
[White "hemtej-g"]
[Black "dangdang2000"]
[Result "1-0"]
[ICCResult "Black checkmated"]
[WhiteElo "1594"]
[BlackElo "1257"]
[Opening "Queen's pawn game, Chigorin variation"]
[ECO "D02"]
[NIC "QP.08"]
[Time "18:33:49"]
[PlyCount "81"]
[TimeControl "4500+10"]


1. d4 d5 2. Nf3 Nc6 3. e3 Bf5 4. a3 Nf6 5. c4 e6 6. Nc3 Be7 7. Bd3 Bg6 8.
b3 Qd7 9. Bb2 O-O-O 10. Bxg6 hxg6 11. h3 Ne8 12. Qc2 Nd6 13. c5 Nf5 14. b4
Nb8 15. Ne5 Qe8 16. Qa4 Qxa4 17. Nxa4 Rhf8 18. g4 Nh6 19. Ke2 Bf6 20. Rac1
Bxe5 21. dxe5 f6 22. f4 Nc6 23. b5 Ne7 24. b6 axb6 25. cxb6 c5 26. Nxc5
fxe5 27. Nxe6+ Kb8 28. Bxe5+ Ka8 29. Nxf8 Rxf8 30. Bxg7 Re8 31. Bxh6 Nc6
32. Rhd1 d4 33. f5 gxf5 34. gxf5 Re4 35. Rxd4 Nxd4+ 36. Kd3 Re8 37. exd4
Kb8 38. f6 Rd8 39. Bf4+ Ka8 40. Rc5 Rf8 41. Ra5# { Black checkmated } 1-0

[Event "ICC tourney 2161 (75 10)"]
[Site "Internet Chess Club"]
[Date "2020.11.28"]
[Round "6"]
[White "atharvamchess"]
[Black "mutantpenguin"]
[Result "0-1"]
[ICCResult "White checkmated"]
[WhiteElo "1502"]
[BlackElo "1348"]
[Opening "Queen's pawn"]
[ECO "A40"]
[NIC "QO.17"]
[Time "18:33:56"]
[PlyCount "134"]
[TimeControl "4500+10"]


1. d4 e6 2. Bf4 d5 3. e3 Nf6 4. Bd3 Be7 5. Nf3 O-O 6. Nbd2 c5 7. c3 Nc6 8.
O-O Bd7 9. Re1 Re8 10. Ne5 cxd4 11. exd4 Rc8 12. Ndf3 Nh5 13. Bg3 Nxg3 14.
hxg3 Nxe5 15. Nxe5 f6 16. Nxd7 Qxd7 17. Qe2 Bd6 18. Bb5 Rc6 19. Bxc6 Qxc6
20. Qd2 Qb6 21. Rad1 Qa5 22. a3 b5 23. f4 Qd8 24. Re2 Re7 25. Qd3 Qe8 26.
Rde1 e5 27. fxe5 fxe5 28. dxe5 Bc5+ 29. Re3 Rxe5 30. Kf2 Qe6 31. Re2 Qh6
32. b3 Qh1 33. Re1 Qxe1+ 34. Kxe1 Rxe3+ 35. Qxe3 Bxe3 36. a4 bxa4 37. bxa4
Kf7 38. Ke2 Bb6 39. Kd3 Ke6 40. c4 dxc4+ 41. Kxc4 Kf5 42. Kd5 Bc7 43. Kd4
Bxg3 44. Ke3 Bb8 45. Kf3 h5 46. a5 a6 47. g3 g5 48. g4+ hxg4+ 49. Kf2 Ke5
50. Kg3 Kd5+ 51. Kxg4 Kc5 52. Kxg5 Kb5 53. Kg4 Kxa5 54. Kf3 Kb4 55. Ke3 Kc3
56. Ke2 Kc2 57. Ke3 a5 58. Kd4 a4 59. Kc4 a3 60. Kb4 a2 61. Kb5 a1=Q 62.
Kc6 Kc3 63. Kb7 Qa7+ 64. Kc6 Qc7+ 65. Kb5 Kb3 66. Ka6 Qc6+ 67. Ka5 Bc7# {
White checkmated } 0-1

[Event "ICC tourney 2161 (75 10)"]
[Site "Internet Chess Club"]
[Date "2020.11.28"]
[Round "6"]
[White "Nacaroa-Dan"]
[Black "ParthP2003"]
[Result "1-0"]
[ICCResult "Black resigns"]
[WhiteElo "1571"]
[BlackElo "1708"]
[Opening "Sicilian: Grand Prix attack"]
[ECO "B23"]
[NIC "SI.44"]
[Time "18:34:03"]
[PlyCount "51"]
[TimeControl "4500+10"]


1. e4 c5 2. Nc3 Nc6 3. f4 g6 4. Nf3 Bg7 5. Bb5 e6 6. Bxc6 bxc6 7. O-O Ne7
8. Qe1 O-O 9. d3 d5 10. e5 Nf5 11. Na4 Qe7 12. b3 c4 13. d4 cxb3 14. axb3
Ba6 15. Rf2 Rfd8 16. Ba3 Qc7 17. g4 Nh6 18. h3 Bf8 19. Nc5 Bb5 20. Bb4 Bxc5
21. dxc5 Kh8 22. Ba5 Qd7 23. Bxd8 Rxd8 24. Nd4 Ng8 25. Rd2 Re8 26. c4 {
Black resigns } 1-0

[Event "ICC tourney 2161 (75 10)"]
[Site "Internet Chess Club"]
[Date "2020.11.28"]
[Round "6"]
[White "Dhruti813kob36"]
[Black "StevChess01"]
[Result "1-0"]
[ICCResult "Black resigns"]
[WhiteElo "1427"]
[BlackElo "1725"]
[Opening "Sicilian: O'Kelly variation"]
[ECO "B28"]
[NIC "SI.43"]
[Time "18:33:49"]
[PlyCount "71"]
[TimeControl "4500+10"]


1. e4 c5 2. Nf3 a6 3. d4 cxd4 4. Nxd4 Nf6 5. Nc3 e5 6. Nf3 Bb4 7. Bd3 d5 8.
Bg5 Qc7 9. Bxf6 Bxc3+ 10. bxc3 Qxc3+ 11. Nd2 gxf6 12. exd5 f5 13. O-O e4
14. Re1 Kd8 15. Bf1 Qf6 16. Nc4 Nd7 17. d6 b5 18. Ne3 Nb6 19. Nd5 Nxd5 20.
Qxd5 Rb8 21. Qc6 Rb7 22. Red1 Rd7 23. Rac1 Bb7 24. Qb6+ Ke8 25. a4 bxa4 26.
Bxa6 Bxa6 27. Qxa6 Kf8 28. c4 Kg7 29. c5 Rhd8 30. Qxa4 h5 31. Qd4 Qxd4 32.
Rxd4 Kf6 33. c6 Rxd6 34. Rxd6+ Rxd6 35. c7 Ke7 36. c8=Q { Black resigns }
1-0

[Event "ICC tourney 2161 (75 10)"]
[Site "Internet Chess Club"]
[Date "2020.11.28"]
[Round "6"]
[White "ChessG2011"]
[Black "sidb123"]
[Result "0-1"]
[ICCResult "White resigns"]
[WhiteElo "1200"]
[BlackElo "1389"]
[Opening "Giuoco Pianissimo: Italian four knights variation"]
[ECO "C55"]
[NIC "IG.01"]
[Time "18:33:39"]
[PlyCount "70"]
[TimeControl "4500+10"]


1. e4 e5 2. Nf3 Nc6 3. Bc4 Nf6 4. Nc3 Bc5 5. d3 h6 6. a3 a5 7. Bd2 O-O 8.
O-O Re8 9. h3 d6 10. Nd5 Nxd5 11. Bxd5 Ne7 12. Bc4 Ng6 13. Nh2 c6 14. Qf3
Be6 15. Bxe6 Rxe6 16. Ng4 d5 17. exd5 cxd5 18. Rfe1 Qd7 19. Qg3 Bd6 20. Qf3
Bc7 21. Bc3 h5 22. Ne3 d4 23. Qxb7 Rb8 24. Qf3 dxc3 25. bxc3 Nf4 26. Rab1
Rxb1 27. Rxb1 Rc6 28. c4 Rb6 29. Rc1 Rb2 30. Ra1 Ne6 31. Qxh5 Nd4 32. Qd1
Qa4 33. Qc1 Ne2+ 34. Kf1 Nxc1 35. Rxc1 Qxa3 { White resigns } 0-1

[Event "ICC tourney 2161 (75 10)"]
[Site "Internet Chess Club"]
[Date "2020.11.28"]
[Round "6"]
[White "Purushottam123"]
[Black "rachael1120"]
[Result "1-0"]
[ICCResult "Black checkmated"]
[WhiteElo "1572"]
[BlackElo "1683"]
[Opening "Sicilian: Nimzovich-Rossolimo attack (with ...g6, without ...d6)"]
[ECO "B31"]
[NIC "SI.31"]
[Time "18:33:45"]
[PlyCount "71"]
[TimeControl "4500+10"]


1. e4 c5 2. Nf3 Nc6 3. Bb5 g6 4. Bxc6 bxc6 5. O-O Bg7 6. Nc3 d5 7. e5 Bg4
8. Re1 Qc7 9. h3 Bxf3 10. Qxf3 Bxe5 11. Kh1 Bg7 12. d3 Nf6 13. Bf4 Qd7 14.
Na4 O-O 15. Nxc5 Qd8 16. Nb7 Qb6 17. Rxe7 Qxb2 18. Be5 Qb4 19. Bxf6 Bxf6
20. Qxf6 Rae8 21. Rae1 Rxe7 22. Rxe7 Qb1+ 23. Kh2 Qxa2 24. Nd6 d4 25. Qxd4
a5 26. Ne4 Rb8 27. Nf6+ Kf8 28. Qd6 Rb5 29. Re8+ Kg7 30. Rg8+ Kh6 31. Ng4+
Kh5 32. Rh8 Qe6 33. Rxh7+ Kg5 34. f4+ Kf5 35. Qd4 Rb7 36. Nh6# { Black
checkmated } 1-0

[Event "ICC tourney 2161 (75 10)"]
[Site "Internet Chess Club"]
[Date "2020.11.28"]
[Round "6"]
[White "vedu24"]
[Black "otcm"]
[Result "1/2-1/2"]
[ICCResult "Game drawn by repetition"]
[WhiteElo "1524"]
[BlackElo "1448"]
[Opening "Queen's pawn, Mason variation"]
[ECO "D00"]
[NIC "QP.08"]
[Time "18:33:56"]
[PlyCount "87"]
[TimeControl "4500+10"]


1. d4 d5 2. Bf4 Nf6 3. e3 c5 4. c3 Nc6 5. Bd3 e6 6. Nd2 Be7 7. Ngf3 O-O 8.
Qe2 a6 9. a4 Bd7 10. h4 Nh5 11. Bg5 h6 12. Bxe7 Qxe7 13. Ne5 Nf6 14. g4 g5
15. hxg5 hxg5 16. Qf3 Kg7 17. Qg2 Rh8 18. O-O-O Rxh1 19. Rxh1 Rh8 20. Rxh8
Kxh8 21. Qh3+ Kg7 22. Ndf3 Ne4 23. Nd2 f5 24. Bxe4 fxe4 25. Qh5 Nxe5 26.
dxe5 Bxa4 27. f3 Be8 28. Qh2 Bc6 29. fxe4 dxe4 30. Qg2 Qd7 31. Qf2 Qf7 32.
Qxf7+ Kxf7 33. Nc4 b5 34. Nd6+ Ke7 35. b4 c4 36. Kd2 Bd5 37. Kc2 Bc6 38.
Kd2 Bd5 39. Kc2 Bc6 40. Kd2 Bd5 41. Kc2 Bc6 42. Kd2 Bd5 43. Kc2 Bc6 44. Kd2
{ Game drawn by repetition } 1/2-1/2